 Dungeon Crawl Stone Soup version 0.29.1-2-gbd0b4ee654 (webtiles) character file.

Game seed: 12522462096835578863

302 Icepheonix32 the Insei (level 6, -3/38 HPs)
             Began as an Octopode Transmuter on Nov 18, 2022.
             Slain by an orc wizard
             ... wielding a +1 dagger of speed
              (5 damage)
             ... on level 3 of the Dungeon.
             The game lasted 00:06:02 (3136 turns).

Icepheonix32 the Insei (Octopode Transmuter)        Turns: 3136, Time: 00:06:02

Health: -3/38      AC:  1    Str: 12    XL:     6   Next: 37%
Magic:  9/9        EV: 13    Int: 15    God:
Gold:   35         SH:  0    Dex: 12    Spells: 4/10 levels left

rFire   . . .      SeeInvis .     - Unarmed
rCold   . . .      Faith    .   (no shield)
rNeg    . . .      Spirit   .   (helmet currently unavailable)
rPois   .          Reflect  .   (no amulet)
rElec   .          Harm     .   g - ring of willpower
rCorr   .          Rampage  .   (no ring)
Will    +....                   (no ring)
Stlth   +++.......              (no ring)
HPRegen 0.12/turn               (no ring)
MPRegen 0.11/turn               (no ring)
                                (no ring)
                                (no ring)

@: appendages
A: tentacle spike 3, almost no armour, amphibious, 8 rings, camouflage 1,
gelatinous body 1, (nimble swimmer 1), tentacles
a: End Transformation


You were on level 3 of the Dungeon.
One of your tentacles had grown a beastly spike.
You visited 1 branch of the dungeon, and saw 3 of its levels.
You also visited: Sewer.

You collected 118 gold pieces.
You spent 83 gold pieces at shops.

Inventory:

Magical Staves
 o - a staff of death
Jewellery
 a - an amulet of faith
 g - a ring of willpower (left tentacle)
Scrolls
 b - a scroll of amnesia
 c - a scroll of summoning
 f - a scroll of enchant armour
 h - a scroll of silence {unknown}
 l - a scroll of teleportation
Potions
 d - a potion of haste
 e - a potion of might
 i - 2 potions of flight
 j - 2 potions of mutation
 k - a potion of heal wounds


   Skills:
 + Level 1.4 Fighting
 * Level 3.1 Dodging
 + Level 2.9 Stealth
 + Level 4.1 Unarmed Combat
 + Level 2.6 Spellcasting
 * Level 3.8 Transmutations
 * Level 1.8 Poison Magic


You had 4 spell levels left.
You knew the following spells:

 Your Spells              Type           Power      Damage    Failure   Level
a - Beastly Appendage     Tmut           26%        N/A       4%          1
b - Spider Form           Tmut/Pois      10%        N/A       21%         3
c - Wereblood             Tmut           13%        N/A       7%          2

Your spell library contained the following spells:

 Spells                   Type           Power      Damage    Failure   Level
 Ensorcelled Hibernation  Hex/Ice        2%         N/A       32%         2
 Ice Form                 Ice/Tmut       7%         N/A       67%         4
 Anguish                  Hex/Necr       0%         N/A       91%         4


Dungeon Overview and Level Annotations

Branches:
Dungeon (3/15)              Sewer (visited)

Altars:
Vehumet
Yredelemnul

Shops:
D:2 *


Innate Abilities, Weirdness & Mutations

One of your tentacles has grown a beastly spike.
You cannot wear most types of armour.
You are amphibious.
You can wear up to eight rings at the same time.
Your skin changes colour to match your surroundings (Stealth+).
Your rubbery body absorbs attacks. (AC +1, EV +1)
((You are camouflaged when in or above water. (Stealth+)))
You have tentacles for arms and can constrict up to eight enemies at once.


Message History

An orc is nearby!
An orc wizard and an orc come into view.
The orc wizard is wielding a +1 dagger of speed.
There is an open door here.
One of your tentacles grows a vicious spike.
The orc shouts! x2; The orc wizard shouts!
You barely miss the orc. You grab the orc. You squeeze the orc!
You kill the orc!
The orc hits you with a +0 falchion.
Things that are here:
a +0 whip; an orc corpse You closely miss the orc.
Your grab misses the orc.
You pierce the orc.
The orc is severely wounded.
You tentacle-slap the orc.
You kill the orc!
The orc wizard gestures at you while chanting.
The puff of flame misses you. The puff of flame hits you!
You barely miss the orc wizard. Your grab misses the orc wizard.
You pierce the orc wizard.
The orc wizard is moderately wounded.
The orc wizard gestures at you while chanting.
The puff of flame hits you!
You are too injured to fight recklessly!
You are too injured to fight recklessly!
Unknown command.
You closely miss the orc wizard. Your grab misses the orc wizard.
You squeeze the orc wizard.
The orc wizard is heavily wounded.
The orc wizard points at you and mumbles some strange words.
The puff of flame hits you!
* * * LOW HITPOINT WARNING * * *
You closely miss the orc wizard. Your grab misses the orc wizard.
You squeeze the orc wizard.
The orc wizard is severely wounded.
Unknown command.
You tentacle-slap the orc wizard. Your grab misses the orc wizard.
Your tentacle spike misses the orc wizard.
The orc wizard is severely wounded.
The orc wizard hits you with a +1 dagger of speed.
You die...

####.### #.# #....).#
... #.##†#.#######+####
.# #......##.....##
...###..####.......#
#......####.......#
#.###.....+..._...+
#...###....o..#
#.#.###...)@..#
#.....##.....##
##.#.######'#####
#......# #.....##
#####..#.#[# ##...#.#
......>..#.# #...#.#
#####..###.# #...#.##
.......###.#####......#
#####..............##.#


You could see an orc wizard.

Vanquished Creatures
  2 bullfrogs (Sewer)
  3 gnolls (D:2)
  6 adders
  A river rat (D:3)
  A worm (D:3)
  A dart slug (D:3)
  3 orcs (D:3)
  2 endoplasms (D:2)
  15 giant cockroaches
  4 goblins
  5 hobgoblins
  2 kobolds
  4 quokkas
  7 ball pythons
  3 bats (D:3)
  13 frilled lizards
  5 rats
77 creatures vanquished.

Notes
Turn   | Place    | Note
-------+----------+-------------------------------------------
     0 | D:1      | Icepheonix32 the Octopode Transmuter began the quest for
                  | the Orb.
     0 | D:1      | Reached XP level 1. HP: 13/13 MP: 3/3
   252 | D:1      | Reached XP level 2. HP: 18/18 MP: 3/5
   412 | D:1      | Found a faded altar of an unknown god.
   937 | D:2      | Reached XP level 3. HP: 17/23 MP: 6/6
  1109 | D:2      | Reached skill level 1 in Stealth
  1120 | D:2      | Reached XP level 4. HP: 17/28 MP: 7/7
  1280 | D:2      | Learned a level 3 spell: Spider Form
  1283 | D:2      | Learned a level 2 spell: Wereblood
  1567 | D:2      | Found Fuulif's Assorted Antiques.
  1573 | D:2      | Bought a white potion for 20 gold pieces
  1573 | D:2      | Bought an amethyst potion for 20 gold pieces
  1573 | D:2      | Bought a golden potion for 20 gold pieces
  1573 | D:2      | Bought a scroll labelled ENWAFODUOJA for 23 gold pieces
  1645 | D:2      | Found a basalt altar of Yredelemnul.
  1959 | D:3      | Found a glowing drain.
  1973 | Sewer    | Entered a sewer
  2199 | Sewer    | Reached XP level 5. HP: 27/33 MP: 5/8
  2241 | Sewer    | Reached skill level 1 in Poison Magic
  2252 | Sewer    | HP: 1/49 [bullfrog (3)]
  2254 | Sewer    | Reached skill level 4 in Unarmed Combat
  2254 | Sewer    | Reached XP level 6. HP: 2/38 MP: 0/9
  3125 | D:3      | Found a radiant altar of Vehumet.
  3136 | D:3      | Slain by an orc wizard

Illustrated notes

Levels and vault maps discovered:
D:1:      mrwooster_arrival_statue, layout_loops_cross, basic_ecumenical_altar
D:2:      layout_loops_ring, serial_shops, shop, basic_altar
D:3:      layout_loops_cross, nicolae_vehumet_altar_sigil,
          gup_sewer_entry_bubbles, minmay_misc_feat_rugged, serial_park_tiny_2

Skill      XL: |  1  2  3  4  5 |
---------------+----------------+-----
Stealth        | 1 2 |  2.9
Transmutations | 3 |  3.8
Poison Magic   | 1 |  1.8
Dodging        | 3 |  3.1
Unarmed Combat | 4 |  4.1
Fighting       | |  1.4
Spellcasting   | |  2.6

Action                   |  1- 3 |  4- 6 || total
-------------------------+-------+-------++-------
Melee: Unarmed           |    44 |   117 ||   161
       Constrict         |    15 |    25 ||    40
       Kick              |     6 |    30 ||    36
       Tentacles         |    10 |    17 ||    27
       Punch             |     1 |     1 ||     2
 Cast: Beastly Appendage |    13 |    26 ||    39
       Wereblood         |       |     2 ||     2
  Use: Scroll            |     4 |     7 ||    11
       Potion            |     1 |     6 ||     7
 Stab: Sleeping          |     7 |    13 ||    20
Armor: Skin              |       |    11 ||    11
Dodge: Dodged            |    36 |    82 ||   118
